[Event "Cairns Cup 2024"]
[Site "Saint Louis"]
[Date "2024.06.20"]
[Round "7.1"]
[White "Tan, Zhongyi"]
[Black "Paehtz, Elisabeth"]
[Result "1-0"]
[ECO "D40"]
[WhiteElo "2540"]
[BlackElo "2457"]
[Annotator "TA"]
[PlyCount "63"]
[EventDate "2024.06.13"]
[EventType "tourn"]
[EventCountry "USA"]
[SourceTitle "playchess.com"]
[Source "ChessBase"]
[SourceQuality "1"]
[TimeControl "40/5400+30:1800+30"]

1. c4 c5 2. Nc3 Nc6 3. e3 Nf6 4. d4 d5 5. Nf3 e6 6. a3 a6 7. dxc5 Bxc5 8. b4 Be7 9. Bb2 O-O 10. Qc2 Qb6 (10... dxc4 $11 {remains equal.} 11. Bxc4 b5) 11. Be2 dxc4 12. Bxc4 {[%emt 0:00:00] White is slightly better.} Ng4 (12... Bd7 $14) 13. Na4 Qc7 14. Bd3 f5 {[%emt 0:13:32] White leaves nothing to chance now.} (14... h6 $14) 15. h3 $16 Nf6 16. O-O {[%emt 0:00:13] White is more active.} Bd6 17. Rfd1 Bd7 18. Nc5 Rac8 (18... Ne7 $16 19. Rac1 Bxc5 20. bxc5 Bc6) 19. Rac1 $18 Kh8 20. Qb3 Rce8 21. Ng5 Bxc5 22. Rxc5 Bc8 23. Rdc1 Qe7 24. Nf3 Bd7 25. a4 $1 Rc8 {[%emt 0:00:50] [#]} 26. Ba3 $1 {[%emt 0:01:13] aiming for b5. This pair of bishops is nice.} Ne4 {[%emt 0:01:29] [#]} (26... Qf7 $142 27. b5 axb5 28. axb5 (28. Bxb5 Rfd8 $18) 28... Na5) 27. R5c2 $1 {[%emt 0:03:40] And now b5 would win. White is clearly winning.} Rfe8 (27... Ng5 $142 28. Nxg5 Qxg5) 28. b5 Na5 29. Qa2 Rxc2 30. Rxc2 ({Don't do} 30. Bxc2 Qf6 31. Bb2 e5 32. Bxe5 (32. Qd5 Be6 $18) 32... Qe7) 30... Qd8 (30... Qf6 $142 31. Bb2 (31. bxa6 bxa6 32. Bb2 Qe7 $18) (31. Rc7 Qd8 $18) 31... e5) 31. Ne5 Kg8 {[%emt 0:00:48] Prevents Nf7} 32. Bxe4 {[%emt 0:00:15] Weighted Error Value: White=0.19 (very precise) /Black=0.41.  Mistake:       	---       	Black=7      Inaccurate:     	White=1     	---        OK:         	White=9     	Black=8      Best:        	---       	Black=1      Strong:       	White=2     	---} 1-0

[Event "Cairns Cup 2024"]
[Site "Saint Louis"]
[Date "2024.06.20"]
[Round "7.2"]
[White "Krush, Irina"]
[Black "Dzagnidze, Nana"]
[Result "0-1"]
[ECO "E48"]
[WhiteElo "2415"]
[BlackElo "2506"]
[Annotator "TA"]
[PlyCount "66"]
[EventDate "2024.06.13"]
[EventType "tourn"]
[EventCountry "USA"]
[SourceTitle "playchess.com"]
[Source "ChessBase"]
[SourceQuality "1"]
[TimeControl "40/5400+30:1800+30"]

1. d4 Nf6 2. c4 e6 3. Nc3 Bb4 4. e3 O-O 5. Bd3 d5 6. cxd5 exd5 7. Nge2 b6 8. O-O Re8 9. Bd2 Bf8 10. Nf4 {[%emt 0:00:00] The position is equal.} Bb7 11. Qf3 c5 12. Rfd1 Nc6 (12... cxd4 $11 13. exd4 Nc6) 13. Nfxd5 $16 Nxd5 14. Nxd5 cxd4 {[%emt 0:10:44] [#]} (14... Nxd4 $142 15. Nf6+ Qxf6 16. Qxb7 Ne6) 15. Qh3 $1 g6 $1 $11 16. e4 Bg7 17. Rac1 Rc8 18. Qg3 Qd7 (18... Ne5 $6 19. Bb5 Rxc1 20. Rxc1 $16) 19. Bg5 Re6 ({Black should play} 19... Ne5 $14) 20. f4 $16 Qd6 (20... h6 $16) 21. Qh3 (21. Qh4 $18) 21... Rce8 22. f5 (22. Re1 {simplifies} Bc8 23. Qf3 Bb7 24. Bh4) 22... Rxe4 23. Bxe4 Rxe4 {[%emt 0:00:01] [#]} 24. Nc3 Re8 25. Qf3 (25. Nb5 $11 Qb4 26. fxg6 hxg6 27. Qd7) 25... gxf5 {[%emt 0:03:41] And now ...Qg6 would win.} 26. Nb5 Qg6 27. Bf4 $1 Re4 {[%emt 0:00:14] aiming for ...Nd8.} 28. Bg3 $2 ({But not} 28. Nd6 $2 Ne5 29. Bxe5 Re1+ 30. Rxe1 Bxf3 31. Rc8+ Bf8 $19) (28. Qg3 $1 $15) 28... Ne5 $19 {[%emt 0:04:27] Black is clearly winning.} 29. Bxe5 (29. Qf1 $142 f4 30. Bf2) 29... Bxe5 30. Nxd4 {[%emt 0:00:25] [#]} Re1+ $3 31. Rxe1 Bxd4+ {[%emt 0:00:06] A strong pair of Bishops.} ({Not} 31... Bxf3 32. Nxf3 Bxb2 33. Rc2 $17) 32. Kh1 Bxf3 33. gxf3 Qh5 {[%emt 0:00:20] What a bad dream for White.   Weighted Error Value: White=0.60/Black=0.19 (very precise) .  Loses game:     	White=1     	---        Mistake:       	White=4     	Black=4      Inaccurate:     	White=3     	Black=2      OK:         	White=6     	Black=5      Best:        	White=1     	Black=1      Strong:       	White=1     	Black=1      Brilliant:      	White=1     	---} ({Weaker is} 33... Bxb2 34. Rc8+ Kg7 35. Rg1 $11) 0-1

[Event "Cairns Cup 2024"]
[Site "Saint Louis"]
[Date "2024.06.20"]
[Round "7.3"]
[White "Zatonskih, Anna"]
[Black "Kosteniuk, Alexandra"]
[Result "0-1"]
[ECO "D12"]
[WhiteElo "2327"]
[BlackElo "2501"]
[Annotator "TA"]
[PlyCount "84"]
[EventDate "2024.06.13"]
[EventType "tourn"]
[EventCountry "USA"]
[SourceTitle "playchess.com"]
[Source "ChessBase"]
[SourceQuality "1"]
[TimeControl "40/5400+30:1800+30"]

1. d4 d5 2. c4 c6 3. e3 Nf6 4. Nc3 Bf5 5. Bd3 Bxd3 6. Qxd3 e6 7. Nf3 Nbd7 8. O-O Bd6 9. e4 dxe4 10. Nxe4 Nxe4 11. Qxe4 O-O 12. Bg5 Nf6 13. Qe2 h6 14. Bh4 c5 (14... g5 $11 {is more appropriate.} 15. Bg3 Bxg3 16. hxg3 (16. fxg3 g4 $11) 16... g4) 15. Rad1 $14 {[%emt 0:12:39] Black must now prevent dxc5.} Qe7 16. Rd3 Rfd8 (16... cxd4 $11 {remains equal.} 17. Nxd4 Rac8) 17. d5 $1 $16 Re8 18. Qd1 e5 19. Re1 g5 {[%emt 0:00:26] [#]} ({Black should try} 19... e4 $14 20. Rde3 Qd7) 20. Nxg5 $1 hxg5 21. Bxg5 e4 22. Rh3 {[%emt 0:01:11] Against Qd7. Threatens to win with f4.} Qe5 23. f4 $1 Qf5 {[%emt 0:00:07] [#]} (23... Qxb2 $2 24. Re2 Be5 25. Rxb2 (25. fxe5 Qxe5 26. Rg3 Nh5 $18) 25... Bxb2 26. d6 $18) 24. g4 (24. Ree3 $1 $16 {[%cal Re3g3] Reg3 would now be deadly.} Kf8 (24... Bxf4 $2 25. Bxf4 Qxf4 26. Reg3+ Kf8 27. d6 $18) 25. Reg3) 24... Qxg4+ (24... Nxg4 $11 {and Black is okay.} 25. Rg3 f6) 25. Rg3 $18 Qxd1 26. Bxf6+ Kh7 27. Rxd1 {[%emt 0:00:36][%cal Of4f5] f5! is the strong threat.} e3 $2 {[%emt 0:01:12] [#]} (27... Bxf4 28. Rg7+ Kh6) 28. Rf3 $2 (28. f5 $1 $18 {Rh3+ would kill now.} Rg8 (28... Bxg3 $2 29. hxg3 Rg8 30. Kg2 $18) 29. Kg2) 28... Kg6 $11 29. Bc3 Kf5 30. Be5 Ke4 ({Black should play} 30... Bxe5 $17 31. fxe5+ Ke4 32. Rxf7 Rxe5) 31. Rff1 $2 (31. Rxe3+ $15 Kxe3 32. Bxd6) 31... Bxe5 $19 32. fxe5 Rxe5 33. Rxf7 {[%emt 0:00:02][%cal Og1f1][%mdl 4096] Endgame. KRR-KRR} e2 34. Ra1 Ke3 {[%emt 0:00:13] Hoping for ...Rg8+.} 35. Rg7 Kd2 36. Rg2 Rf8 {[%emt 0:00:24] aiming for ...Ref5.} 37. h4 Ref5 38. d6 Rf1+ 39. Rxf1 Rxf1+ 40. Kh2 Ke3 41. d7 e1=Q (41... e1=R 42. d8=Q (42. d8=R Rh1+ 43. Kg3 Ref1 $11) 42... a5 43. Rg3+ (43. Qxa5 Kf3 44. Qa3+ Kf4 45. Qg3+ Ke4 46. Qg6+ Ke3 47. Qe6+ Kd3 48. Qd5+ Ke3) 43... Ke4 44. Qe8+ (44. Qxa5 Rf2+ 45. Rg2 Rxg2+ 46. Kxg2 Re2+ 47. Kg3 Re3+ 48. Kf2 Rf3+ 49. Kg2 Rf6 $18) 44... Kf4 45. Qf7+ Ke4 46. Qg6+ (46. Qxb7+ Ke5 47. Rg5+ Kf4 48. Qb8+ Kf3 49. Qb3+ Ke4 50. Qc2+ Kf4 51. Qf5+ Ke3) 46... Kf4 47. Rg4+ Kf3 48. Qf5+ Ke2 49. Qc2+ (49. Qxc5 Rh1+ 50. Kg2 Kd2 $18) 49... Kf3 50. Qg2+ (50. Qf5+ Ke2 51. Rg2+ Ke3 52. Qxc5+ Ke4 53. Qd5+ Kf4 54. Qd6+ Ke3 55. Rg3+ Rf3) 50... Ke3 51. Qe4+ (51. Qxb7 Rf2+ 52. Rg2 Rxg2+ 53. Kxg2 Re2+ 54. Kg3 Kd2 $18) 51... Kd2 52. Rg2+ (52. Qxb7 Kc1 $18) (52. Qxb7 Kc1 $18)) 42. Rg3+ Kf4 0-1

[Event "Cairns Cup 2024"]
[Site "Saint Louis"]
[Date "2024.06.20"]
[Round "7.4"]
[White "Muzychuk, Mariya"]
[Black "Lee, Alice"]
[Result "1-0"]
[ECO "D27"]
[WhiteElo "2510"]
[BlackElo "2368"]
[Annotator "TA"]
[PlyCount "75"]
[EventDate "2024.06.13"]
[EventType "tourn"]
[EventCountry "USA"]
[SourceTitle "playchess.com"]
[Source "ChessBase"]
[SourceQuality "1"]
[TimeControl "40/5400+30:1800+30"]

1. c4 e6 2. Nf3 d5 3. d4 dxc4 4. e3 Nf6 5. Bxc4 a6 6. O-O c5 7. Nc3 b5 8. Bb3 Bb7 {[%emt 0:00:00] [#]} 9. e4 $1 cxd4 10. Nxd4 {[%emt 0:00:00] Threatens to win with e5.} Nc6 11. Nxc6 {[%emt 0:00:00] The position is equal.} Qxd1 12. Rxd1 Bxc6 13. f3 Bc5+ 14. Kf1 Ke7 15. e5 Nd7 16. Bg5+ f6 (16... Ke8 $11 {keeps the balance.}) 17. exf6+ $16 {[%emt 0:00:00] White leaves nothing to chance now.} gxf6 {[%emt 0:00:00] [#]} 18. Re1 $1 {[%emt 0:00:00] White is more active.} e5 {[%emt 0:00:00] [#]} 19. Bh4 Kd8 (19... Rhc8 $16 {was worth a try.}) 20. Rxe5 Kc7 (20... Nxe5 $16 {might work better.} 21. Bxf6+ Kc7 22. Bxe5+ Bd6 23. Bxh8 Rxh8) 21. Re6 {[%emt 0:03:24][%cal Ob3d5] Hoping for Bd5!} Rae8 22. Rae1 (22. Bxf6 Rxe6 23. Bxh8 Re8 $18) 22... Rxe6 23. Rxe6 (23. Bxe6 b4) 23... Bd4 24. Bd5 Ba8 25. Bxa8 (25. Rxa6 Bxc3 26. Bxa8 (26. Rxa8 Rxa8 27. Bxa8 Bxb2 $18) 26... Bxb2 $18) 25... Rxa8 26. Nd5+ Kd8 27. Nxf6 ({Don't take} 27. Bxf6+ Nxf6 28. Nxf6 Kc8 $18) 27... Bxf6 28. Bxf6+ $18 {[%emt 0:00:07][%mdl 4096] Endgame. KRB-KRN} Kc7 29. Bc3 {[%emt 0:00:23] White is clearly winning.} a5 30. a3 Nc5 31. Rh6 b4 (31... Na4 $142 32. Be5+ (32. Rxh7+ Kc6 $18) 32... Kd7 33. Rxh7+ Ke6) 32. axb4 axb4 33. Bxb4 Nd3 34. Bc3 Kd7 35. Rxh7+ Ke6 36. g3 Kf5 37. Rd7 {[%emt 0:01:46] aiming for Rd5+.} Ra1+ 38. Ke2 {[%emt 0:00:34] Weighted Error Value: White=0.17 (very precise) /Black=0.40.  Mistake:       	---       	Black=4      Inaccurate:     	White=1     	Black=2      OK:         	White=11    	Black=8      Best:        	White=1     	Black=1      Strong:       	White=1     	---} 1-0

[Event "Cairns Cup 2024"]
[Site "Saint Louis"]
[Date "2024.06.20"]
[Round "7.5"]
[White "Muzychuk, Anna"]
[Black "Dronavalli, Harika"]
[Result "1/2-1/2"]
[ECO "C60"]
[WhiteElo "2505"]
[BlackElo "2489"]
[Annotator "TA"]
[PlyCount "87"]
[EventDate "2024.06.13"]
[EventType "tourn"]
[EventCountry "USA"]
[SourceTitle "playchess.com"]
[Source "ChessBase"]
[SourceQuality "1"]
[TimeControl "40/5400+30:1800+30"]

1. e4 e5 2. Nf3 Nc6 3. Bb5 a6 4. Ba4 Nge7 5. O-O Ng6 6. d4 exd4 7. Nxd4 Nxd4 8. Qxd4 {[%emt 0:00:00] White is slightly better.} b5 9. Bb3 Bb7 {[%emt 0:00:00] Wards off Qd5. ...c5 is the strong threat.} 10. Rd1 Qe7 11. c4 (11. Qd3 {looks sharper.} Bxe4 12. Qg3 Bc6 13. Qxc7 Qe4 14. Qg3) 11... Qd6 12. Qxd6 Bxd6 13. Nc3 Bc6 14. Be3 Be5 15. Bd4 Bxd4 16. Rxd4 Nf4 17. cxb5 axb5 18. Rad1 O-O 19. Rb4 Rfb8 20. Nd5 Ne6 21. Rc1 Kf8 {[%emt 0:00:49] Inhibits Ne7.} 22. f4 Ra7 23. f5 Bxd5 ({Black should play} 23... Nd8 $1 $14) 24. exd5 $16 Nd8 {[%emt 0:00:03] [#]} 25. f6 $1 gxf6 26. Rh4 c6 27. Rxh7 cxd5 28. Bxd5 Ke7 29. Rh8 $36 {[%emt 0:03:19][%mdl 2048] White is really pushing. White is much more active.} Rb6 30. h4 Ra4 31. Re1+ Ne6 32. Be4 Rd6 33. h5 $1 {[%emt 0:04:36] aiming for h6.} Rdd4 (33... f5 $142 34. Bxf5 Kf6) 34. Bf5 $1 {[%emt 0:02:26] Hoping for h6.} (34. Bb1 $6 Rd2 $11) 34... Rd5 35. g4 {[%emt 0:07:02] Threatens to win with h6.} Kd6 {[%emt 0:00:05] [#]} (35... Re5 $16 36. Rxe5 fxe5) 36. h6 $1 $18 Ng5 37. Rd8 Kc7 {[%emt 0:01:54] [#]} 38. Rg8 ({Don't go for} 38. h7 $2 Nxh7 39. Rh8 Ng5 40. Rc1+ Kd6 $19) ({But not} 38. Ree8 $6 Rd2 39. Rc8+ Kb6 $11) ({White must play} 38. Rde8 $1 $16) 38... Rd2 $1 $11 {[%emt 0:02:12] Prevents Re2} (38... Nf3+ 39. Kf2 Ng5 40. Kg3 $18) 39. h7 {[%emt 0:01:23] The position is equal.} (39. Rf1 $5) 39... Nf3+ $1 40. Kf1 Nh2+ 41. Kg1 {[%cal Oe1f1] Strongly threatening Rf1!} Nf3+ 42. Kf1 Nh2+ 43. Kg1 {[%emt 0:00:03][%cal Oe1f1] Black must now prevent Rf1!} Nf3+ 44. Kf1 {[%emt 0:00:04] Weighted Error Value: White=0.11 (very precise) /Black=0.09 (flawless) .  Mistake:       	White=1     	Black=3      Inaccurate:     	White=1     	Black=1      OK:         	White=12    	Black=13     Best:        	White=3     	Black=8      Strong:       	White=3     	Black=2} 1/2-1/2